[Event "Polish University-ch Women 2024"]
[Site "Lublin"]
[Date "2024.02.23"]
[Round "5.10"]
[White "Kaczmarska, Joanna"]
[Black "Mirowska, Oliwia"]
[Result "1-0"]
[ECO "A08"]
[WhiteElo "1870"]
[BlackElo "1977"]
[Annotator "ChessBase"]
[PlyCount "89"]
[EventDate "2024.02.22"]
[EventType "swiss"]
[EventCountry "POL"]
[SourceTitle "playchess.com"]
[Source "ChessBase"]
[SourceQuality "1"]
[TimeControl "600+3"]

1. Nf3 d5 2. g3 c5 3. Bg2 Nc6 4. d3 g6 5. O-O Bg7 6. Nbd2 e5 7. e4 d4 8. a4 Nge7 9. Nc4 O-O 10. Qe2 Be6 11. Ng5 Bxc4 12. dxc4 Nc8 13. f4 exf4 14. gxf4 h6 15. Nh3 Nd6 16. e5 Nf5 17. Bd5 Qh4 18. Qg2 Rae8 19. Nf2 Nb4 20. Ne4 b6 21. Ra3 Qd8 22. Qxg6 Nxd5 23. Qxf5 Ne7 24. Qh5 Ng6 25. f5 Rxe5 26. Ng3 Qh4 27. Qf3 Ree8 28. fxg6 fxg6 29. Qd5+ Kh7 30. Rxf8 Rxf8 31. Rf3 Re8 32. Bd2 d3 33. c3 Qh3 34. Qxd3 h5 35. Nf5 Qg4+ 36. Ng3 h4 37. Rf4 Qd1+ 38. Rf1 Qg4 39. Rf4 Qd1+ 40. Nf1 Qh5 41. Qf3 Qg5+ 42. Rg4 Qh5 43. h3 Rf8 44. Qe4 Kh8 45. Rxh4 1-0

[Event "Polish University-ch Women 2024"]
[Site "Lublin"]
[Date "2024.02.24"]
[Round "6.1"]
[White "Czarnecka, Lidia"]
[Black "Sliwicka, Alicja"]
[Result "0-1"]
[ECO "B53"]
[WhiteElo "2034"]
[BlackElo "2309"]
[Annotator "TA"]
[PlyCount "96"]
[EventDate "2024.02.22"]
[EventType "swiss"]
[EventCountry "POL"]
[SourceTitle "playchess.com"]
[Source "ChessBase"]
[SourceQuality "1"]
[TimeControl "600+3"]

1. e4 c5 2. Nf3 d6 3. d4 cxd4 4. Qxd4 Nf6 5. h3 Nc6 6. Qe3 g6 7. c4 Bg7 8. Nc3 {[%emt 0:00:03] Die Stellung ist ausgeglichen.} O-O 9. Be2 Be6 10. O-O Rc8 11. Rb1 a6 12. b3 Qa5 13. Bb2 Qc5 14. Qd2 Rfd8 (14... b5 $11) 15. Rfe1 Rb8 16. Bf1 b5 17. cxb5 axb5 18. Rbc1 Qb4 19. Qe2 Na7 20. Rcd1 Qc5 21. Nd4 Bd7 22. Nd5 $1 Re8 $2 (22... Nxd5 $16 {war angesagt.} 23. exd5 Re8) 23. Rc1 $18 Nxd5 24. Rxc5 (24. exd5 Qxd5 25. Nf3 Bxb2 26. Qxb2 Qb7 $14) 24... Nf4 (24... dxc5 $142 25. Nf3 Nf6) 25. Qd2 ({Viel schwächer ist} 25. Qc2 dxc5 26. Qxc5 Rb7 $18) 25... dxc5 26. Nf3 {[%emt 0:00:19] [#] Schwarz muss nun Bxg7 beachten.} Bxb2 27. Qxb2 (27. Qxd7 $142 Ne6 28. Qxa7) 27... Nc6 $2 (27... Rb7 28. Ne5 Ne6) 28. Ne5 $2 (28. Qd2) 28... Nxe5 29. Qxe5 Ne6 30. Rd1 Bc6 31. f4 Ng7 32. Re1 Rbc8 33. Qxc5 Bxe4 34. Qxb5 Bc6 35. Qe5 Nf5 36. Bc4 Rcd8 (36... Nh4 $142 37. Bf1 Bb7) 37. a4 Ng3 (37... Ba8 $142 38. b4 e6) 38. Qe3 Nf5 39. Qc3 {[%emt 0:00:05][%cal Oc4f7] [#] Droht stark Bxf7+!} h5 (39... Rc8 $142 40. Qb4 e6) 40. Bd3 Nd4 41. Be4 Bxe4 42. Rxe4 Nf5 43. a5 h4 44. Re1 Ng3 45. a6 Rd1 46. Kf2 {[%emt 0:00:03] Verhindert Ne2.} (46. Rxd1 $2 {ist das falsche Schlagen.} Ne2+ 47. Kf2 Nxc3 $19) 46... Rd7 47. Ra1 $4 (47. b4 $18) 47... Ne4+ $19 48. Kf3 Nxc3 {[%emt 0:00:01] Gewichteter Fehlerwert: Weiß=0.64/Schwarz=0.81.  Verlustzug:     	---       	Schwarz=1     Fehler:       	Weiß=2     	Schwarz=5     Ungenau:       	Weiß=2     	Schwarz=6     OK:         	Weiß=14    	Schwarz=11    Bester:       	Weiß=3     	Schwarz=1     Stark:        	Weiß=1     	---} 0-1

[Event "Polish University-ch Women 2024"]
[Site "Lublin"]
[Date "2024.02.24"]
[Round "6.2"]
[White "Antolak, Julia"]
[Black "Wikar, Martyna"]
[Result "1-0"]
[ECO "E20"]
[WhiteElo "2309"]
[BlackElo "2214"]
[Annotator "TA"]
[PlyCount "97"]
[EventDate "2024.02.22"]
[EventType "swiss"]
[EventCountry "POL"]
[SourceTitle "playchess.com"]
[Source "ChessBase"]
[SourceQuality "1"]
[TimeControl "600+3"]

1. d4 Nf6 2. c4 e6 3. Nc3 Bb4 4. f3 d5 5. a3 Be7 6. e4 c6 (6... c5 $11) 7. e5 $14 Nfd7 8. f4 dxc4 {[%emt 0:00:16] White is slightly better.} 9. Bxc4 Nb6 10. Be2 O-O 11. Nf3 c5 12. Be3 cxd4 13. Qxd4 Nc6 14. Qxd8 Rxd8 15. O-O Bd7 16. Rfd1 Na5 17. Bxb6 ({Better is} 17. b4 $1 $14 Nac4 18. Bc5) 17... axb6 $11 18. b4 Nc6 (18... Nb3 $11 19. Rab1 (19. Ra2 Bc6 $11) 19... Rxa3) 19. Nb5 Na7 20. Nxa7 Rxa7 21. Rac1 {[%emt 0:00:01][%cal Ba1c1,Bc1c7,Bc7d7][%mdl 32] [#] Strongly threatening Rc7.} Rxa3 $2 {[%emt 0:01:30] Black cannot hold the game after this.} (21... Bc6 $11 {and Black has nothing to worry.}) 22. Rc7 $1 $18 Bxb4 (22... Ba4 $2 23. Rxd8+ Bxd8 24. Rc8 $18) 23. Rcxd7 (23. Rdxd7 Rxd7 24. Rxd7 Bc5+ 25. Kf1 Ra1+ 26. Bd1 h6) 23... Bc5+ 24. Kf1 Rxd7 25. Rxd7 Ra1+ 26. Rd1 Rxd1+ 27. Bxd1 f6 (27... Be3 $142 28. g3 b5) 28. Bb3 Kf7 29. Ke2 {[%emt 0:00:01] Prevents Be3} Ke7 30. Kd3 (30. exf6+ gxf6 31. Bc4 h6) 30... h6 31. Nd4 (31. exf6+ Kxf6 32. Ba2 g5 33. fxg5+ hxg5 $18) 31... g5 32. exf6+ ({Not} 32. Bxe6 Bxd4 33. Bd5 fxe5 $11) 32... Kxf6 33. fxg5+ ({Don't take} 33. Nxe6 gxf4 34. Nxc5 (34. Nxf4 Bg1 $18) 34... bxc5 $18) 33... hxg5 34. Nxe6 Bg1 35. h3 Kf5 $2 (35... b5 36. Ke4 Bh2) 36. g4+ Kf6 37. Ke4 {[%emt 0:00:04] [#] Intending Nd4 and mate.} b5 38. Nc7 b6 39. Nxb5 {[%emt 0:00:13] White mates.} Bf2 40. Nc7 Bg1 41. Nd5+ Kg6 42. Ke5 Bh2+ 43. Ke6 Bg1 44. Bc2+ Kh6 45. Kf5 Bd4 46. Nf6 Be3 47. Ne4 b5 48. Nd6 b4 49. Nf7+ {[%emt 0:00:01] Weighted Error Value: White=0.12 (very precise) /Black=0.54.  Loses game:     	---       	Black=1      Mistake:       	White=1     	Black=3      Inaccurate:     	White=3     	Black=2      OK:         	White=12    	Black=10     Best:        	White=2     	---} 1-0

[Event "Polish University-ch Women 2024"]
[Site "Lublin"]
[Date "2024.02.24"]
[Round "6.3"]
[White "Kroliczek, Gabriela"]
[Black "Cieslak, Wiktoria"]
[Result "0-1"]
[ECO "B23"]
[WhiteElo "1928"]
[BlackElo "1868"]
[Annotator "RC"]
[PlyCount "94"]
[EventDate "2024.02.22"]
[EventType "swiss"]
[EventCountry "POL"]
[SourceTitle "playchess.com"]
[Source "ChessBase"]
[SourceQuality "1"]
[TimeControl "600+3"]

1. e4 c5 2. Nc3 Nc6 3. Bb5 a6 4. Bxc6 dxc6 5. d3 g6 6. Be3 b6 7. Qd2 Bg7 8. h3 Qc7 9. Nf3 Be6 10. O-O Rd8 11. a4 c4 12. d4 Nf6 13. Bh6 O-O 14. Rfe1 b5 15. axb5 axb5 16. Qg5 Rfe8 17. Bxg7 Kxg7 18. Qe3 Ra8 19. Red1 Red8 20. Ng5 Bd7 21. d5 h6 22. Nf3 Rxa1 23. Rxa1 b4 24. Ne2 cxd5 25. exd5 Nxd5 26. Qd4+ Nf6 27. Ra7 Qc8 28. Qb6 Bf5 29. Ned4 Nd5 30. Qb5 Be4 31. Rb7 Bxf3 32. Nxf3 c3 33. b3 Qf5 34. Qe2 e6 35. Nd4 Qf6 36. Nc6 Rd6 37. Nxb4 Nf4 38. Qf3 Qe5 39. Nd3 Rxd3 40. cxd3 c2 41. Qc6 Qe1+ 42. Kh2 c1=Q 43. Rxf7+ Kxf7 44. Qd7+ Kf6 45. Qd8+ Ke5 46. Qb8+ Kd4 47. Qxf4+ Qxf4+ 0-1

[Event "Polish University-ch Women 2024"]
[Site "Lublin"]
[Date "2024.02.24"]
[Round "6.4"]
[White "Czarniecka, Aleksandra"]
[Black "Kubicka, Anna"]
[Result "0-1"]
[ECO "B18"]
[WhiteElo "1961"]
[BlackElo "2278"]
[Annotator "TA"]
[PlyCount "60"]
[EventDate "2024.02.22"]
[EventType "swiss"]
[EventCountry "POL"]
[SourceTitle "playchess.com"]
[Source "ChessBase"]
[SourceQuality "1"]
[TimeControl "600+3"]

1. e4 c6 2. d4 d5 3. Nc3 dxe4 4. Nxe4 Bf5 5. Ng3 Bg6 6. Nh3 Nf6 7. Bc4 e6 8. Nf4 Bd6 9. O-O Qc7 10. Qf3 O-O 11. c3 Nbd7 {[%emt 0:00:16] The position is equal.} 12. Nxg6 hxg6 13. Bg5 c5 14. Rac1 cxd4 15. cxd4 Qb6 16. Rfd1 Rac8 17. b3 Rc7 18. Ne4 {[%emt 0:00:08] [#] Nxd6 is the strong threat.} Nxe4 19. Qxe4 Qa5 20. Bf4 (20. d5 $11 e5 21. a4) 20... Nf6 $15 21. Qf3 Bxf4 22. Qxf4 Rd7 23. Qe5 Qxa2 24. Ra1 Qc2 25. Rdc1 {[%emt 0:00:21] [#]} Qb2 26. Rd1 a6 27. h3 (27. Rab1 $17 {might work better.} Qc2 28. Rbc1) 27... Rfd8 $19 28. Rab1 Qa3 29. Rd3 Qd6 {[%emt 0:00:19] ...b5 would now be deadly.} 30. Qe3 $2 (30. Re3) 30... b5 {[%emt 0:00:05] Weighted Error Value: White=0.28 (precise) /Black=0.04 (flawless) .  Mistake:       	White=3     	---        Inaccurate:     	White=2     	---        OK:         	White=6     	Black=12     Best:        	White=1     	Black=1} 0-1

[Event "Polish University-ch Women 2024"]
[Site "Lublin"]
[Date "2024.02.24"]
[Round "6.5"]
[White "Kucharska, Honorata"]
[Black "Kaczmarska, Joanna"]
[Result "1-0"]
[ECO "B73"]
[WhiteElo "2137"]
[BlackElo "1870"]
[Annotator "RC"]
[PlyCount "57"]
[EventDate "2024.02.22"]
[EventType "swiss"]
[EventCountry "POL"]
[SourceTitle "playchess.com"]
[Source "ChessBase"]
[SourceQuality "1"]
[TimeControl "600+3"]

1. e4 c5 2. Nf3 d6 3. d4 cxd4 4. Nxd4 Nf6 5. Nc3 g6 6. Be2 Bg7 7. O-O O-O 8. Be3 Nc6 9. h3 Bd7 10. Qd2 Qa5 11. Nb3 Qc7 12. Bh6 Bxh6 13. Qxh6 Ne5 14. Rad1 Nc4 15. Bxc4 Qxc4 16. Rd4 Qc7 17. Nd5 Qxc2 18. Nxe7+ Kh8 19. Qf4 Ne8 20. e5 Qxb2 21. exd6 Qxa2 22. Nc5 Bb5 23. Rfd1 Bc6 24. d7 Ng7 25. d8=Q Raxd8 26. Rxd8 Be8 27. Qf6 Qc2 28. Ne6 Bd7 29. Qxg7# 1-0

[Event "Polish University-ch Women 2024"]
[Site "Lublin"]
[Date "2024.02.24"]
[Round "6.6"]
[White "Jarocka, Liwia"]
[Black "Moscicka, Pola"]
[Result "1-0"]
[ECO "D38"]
[WhiteElo "2199"]
[BlackElo "1960"]
[Annotator "RC"]
[PlyCount "61"]
[EventDate "2024.02.22"]
[EventType "swiss"]
[EventCountry "POL"]
[SourceTitle "playchess.com"]
[Source "ChessBase"]
[SourceQuality "1"]
[TimeControl "600+3"]

1. d4 Nf6 2. c4 e6 3. Nf3 d5 4. Nc3 Bb4 5. Bg5 h6 6. Bxf6 Qxf6 7. e3 O-O 8. Rc1 c6 9. Bd3 b6 10. O-O Bb7 11. cxd5 exd5 12. Ne5 Bd6 13. f4 Qe7 14. Qh5 Nd7 15. Rf3 Nf6 16. Qh4 Rac8 17. Ne2 Ne4 18. Qh3 c5 19. Rd1 Bxe5 20. dxe5 Rfd8 21. Ng3 Nxg3 22. Rxg3 Kh8 23. Qf5 g6 24. Qh3 Kg7 25. e6 Rc6 26. f5 d4 27. Rf1 Kh7 28. fxg6+ fxg6 29. Bxg6+ Kg7 30. Be4+ Kh8 31. Qxh6+ 1-0

[Event "Polish University-ch Women 2024"]
[Site "Lublin"]
[Date "2024.02.24"]
[Round "6.7"]
[White "Trybowska, Barbara"]
[Black "Parol, Pola"]
[Result "0-1"]
[ECO "E06"]
[WhiteElo "1859"]
[BlackElo "2030"]
[Annotator "RC"]
[PlyCount "164"]
[EventDate "2024.02.22"]
[EventType "swiss"]
[EventCountry "POL"]
[SourceTitle "playchess.com"]
[Source "ChessBase"]
[SourceQuality "1"]
[TimeControl "600+3"]

1. d4 Nf6 2. c4 e6 3. g3 d5 4. Bg2 Be7 5. Nf3 O-O 6. O-O c5 7. cxd5 Nxd5 8. Nc3 cxd4 9. Nxd5 Qxd5 10. Nxd4 Qa5 11. Nb3 Qc7 12. Bf4 e5 13. Rc1 Nc6 14. Bd2 Rd8 15. Qc2 Bd7 16. Ba5 b6 17. Bxc6 Bxc6 18. Qxc6 Qxc6 19. Rxc6 bxa5 20. Nxa5 Rd2 21. Nc4 Rxe2 22. Rc7 Bd8 23. Rd7 Bf6 24. Rfd1 h6 25. a4 Rc2 26. b3 e4 27. Nd6 e3 28. fxe3 Rc3 29. Ne4 Rxb3 30. Nxf6+ gxf6 31. Kf2 Ra3 32. R1d4 Re8 33. e4 Rb8 34. Rd8+ Rxd8 35. Rxd8+ Kg7 36. Rd4 Kf8 37. Kg2 Ke7 38. Kh3 Ra2 39. Rb4 Ke6 40. g4 Ke5 41. Kg3 Kd6 42. h4 a5 43. Rb6+ Ke7 44. Kf4 Rxa4 45. Rb7+ Kf8 46. Ra7 Kg7 47. Kf5 Ra1 48. Kf4 a4 49. Kg3 a3 50. Kg2 a2 51. Kh2 Re1 52. Rxa2 Rxe4 53. Kg3 Re3+ 54. Kf4 Rb3 55. Ra6 Rb4+ 56. Kf3 h5 57. g5 fxg5 58. hxg5 Rg4 59. Ra5 Kg6 60. Ra7 Rxg5 61. Kf4 Rg4+ 62. Kf3 Rb4 63. Ra5 Rb3+ 64. Kf4 Rb4+ 65. Kf3 Rg4 66. Ra6+ f6 67. Ra5 Rg5 68. Ra8 h4 69. Rh8 Rh5 70. Rg8+ Kf5 71. Rg2 h3 72. Rh2 Kg5 73. Kg3 f5 74. Kf3 Rh8 75. Kg3 f4+ 76. Kf3 Rh7 77. Rh1 h2 78. Kf2 Kg4 79. Kg2 f3+ 80. Kf2 Kf4 81. Ke1 Kg3 82. Kf1 Rb7 0-1

[Event "Polish University-ch Women 2024"]
[Site "Lublin"]
[Date "2024.02.24"]
[Round "6.8"]
[White "Shaban, Aliaksandra"]
[Black "Adamczyk, Zuzanna"]
[Result "1-0"]
[ECO "D04"]
[WhiteElo "1708"]
[BlackElo "1970"]
[Annotator "RC"]
[PlyCount "105"]
[EventDate "2024.02.22"]
[EventType "swiss"]
[EventCountry "POL"]
[SourceTitle "playchess.com"]
[Source "ChessBase"]
[SourceQuality "1"]
[TimeControl "600+3"]

1. d4 d5 2. Nf3 Nf6 3. e3 c6 4. Bd3 Bg4 5. O-O e6 6. Nbd2 Nbd7 7. b3 e5 8. dxe5 Nxe5 9. Be2 Nxf3+ 10. Nxf3 Bd6 11. Bb2 O-O 12. h3 Bh5 13. c4 dxc4 14. Bxc4 Qe7 15. Be2 Rfd8 16. Qc2 Bg6 17. Qc4 Nd5 18. Rfd1 Rac8 19. Rac1 Ba3 20. Qd4 Bxb2 21. Qxb2 Be4 22. a3 a6 23. b4 b5 24. Qe5 Re8 25. Qxe7 Rxe7 26. Nd4 Rec7 27. Bg4 f5 28. Bxf5 Bxf5 29. Nxf5 Nb6 30. Nd6 Rd8 31. Kh2 Kf8 32. e4 g6 33. e5 Ke7 34. Rd2 Rdd7 35. Rdc2 Nc4 36. Nxc4 bxc4 37. Rxc4 Rd3 38. a4 Ra3 39. b5 axb5 40. axb5 Ra5 41. Rxc6 Rxc6 42. bxc6 Ra8 43. Kg3 Rc8 44. Kf4 Ke6 45. Ke4 Rc7 46. f4 h5 47. g4 hxg4 48. hxg4 Ke7 49. f5 g5 50. Kd5 Rc8 51. c7 Kd7 52. e6+ Ke7 53. Ke5 1-0

[Event "Polish University-ch Women 2024"]
[Site "Lublin"]
[Date "2024.02.24"]
[Round "6.9"]
[White "Harazinska, Magdalena"]
[Black "Switala, Karina"]
[Result "1-0"]
[ECO "A95"]
[WhiteElo "1950"]
[BlackElo "1337"]
[Annotator "NA RC"]
[PlyCount "53"]
[EventDate "2024.02.22"]
[EventType "swiss"]
[EventCountry "POL"]
[SourceTitle "playchess.com"]
[Source "ChessBase"]
[SourceQuality "1"]
[TimeControl "600+3"]

1. d4 d5 2. c4 e6 3. Nc3 f5 4. g3 c6 5. Nf3 Nf6 6. b3 Be7 7. Bg2 O-O 8. O-O Ne4 9. Bb2 Nd7 10. Nd2 Bg5 11. Ndxe4 fxe4 12. e3 Be7 13. f3 exf3 14. Bxf3 Nf6 15. Qe2 Qb6 16. Rad1 Bb4 17. Kg2 Bd7 18. e4 dxe4 19. Nxe4 Nxe4 20. Bxe4 Qc7 21. Qh5 g6 22. Bxg6 Be8 23. Bxe8 Raxe8 24. d5 e5 25. Rxf8+ Bxf8 26. Qxe8 cxd5 27. Bxe5 1-0

[Event "Polish University-ch Women 2024"]
[Site "Lublin"]
[Date "2024.02.24"]
[Round "6.10"]
[White "Dmochowska, Agnieszka"]
[Black "Orlik, Sandra"]
[Result "1/2-1/2"]
[ECO "B22"]
[WhiteElo "2001"]
[BlackElo "1836"]
[Annotator "RC"]
[PlyCount "208"]
[EventDate "2024.02.22"]
[EventType "swiss"]
[EventCountry "POL"]
[SourceTitle "playchess.com"]
[Source "ChessBase"]
[SourceQuality "1"]
[TimeControl "600+3"]

1. e4 c5 2. Nf3 Nc6 3. c3 e5 4. Bc4 h6 5. O-O Nf6 6. Re1 d6 7. h3 Be7 8. d4 cxd4 9. cxd4 exd4 10. Nxd4 Nxd4 11. Qxd4 O-O 12. Nc3 Be6 13. Bd5 Bxd5 14. Nxd5 Nxd5 15. Qxd5 Rb8 16. Bf4 Qb6 17. b3 Rfd8 18. Rad1 Qc6 19. Qh5 Rbc8 20. Rd3 Qc2 21. Rg3 Kf8 22. Qg4 Bf6 23. e5 dxe5 24. Bxe5 Bxe5 25. Rxe5 Qg6 26. Qxg6 fxg6 27. Rxg6 Rc2 28. Rf5+ Kg8 29. Rb5 b6 30. a4 Rdd2 31. Rf5 Rb2 32. Rg3 Rd4 33. Re5 Rd7 34. h4 Rf7 35. f3 Rxb3 36. h5 Ra3 37. Re4 Rb3 38. Rg6 Kh7 39. Kf2 a5 40. Ree6 Rb7 41. g4 b5 42. axb5 R3xb5 43. Ra6 Rd5 44. Rge6 Rf7 45. Re3 Rc7 46. Ra8 g6 47. hxg6+ Kxg6 48. Ra6+ Kg7 49. Kg3 h5 50. f4 hxg4 51. Kxg4 Rdc5 52. Ra3 Kf7 53. R3xa5 Rxa5 54. Rxa5 Kf6 55. Ra6+ Kf7 56. Kg5 Rb7 57. f5 Rc7 58. Rf6+ Kg7 59. Rg6+ Kf7 60. Rh6 Rc1 61. Rh7+ Kg8 62. Re7 Rc6 63. Ra7 Rb6 64. Re7 Kf8 65. Rh7 Kg8 66. Rd7 Kf8 67. Rc7 Ra6 68. Rc3 Kf7 69. Rd3 Ra7 70. Rh3 Ra6 71. Rh7+ Kg8 72. Re7 Kf8 73. Rc7 Rb6 74. Rc4 Kf7 75. Re4 Ra6 76. Re5 Rb6 77. Rd5 Ra6 78. Rd7+ Ke8 79. Rg7 Kf8 80. Rg6 Ra5 81. Rc6 Kf7 82. Rd6 Rb5 83. Rd7+ Ke8 84. Rd6 Kf7 85. Rc6 Ra5 86. Rf6+ Kg7 87. Re6 Kf7 88. Rh6 Kg7 89. Re6 Kf7 90. Kf4 Rb5 91. Re5 Rb6 92. Kg5 Ra6 93. Rc5 Ra7 94. Rc6 Rb7 95. Rh6 Rb5 96. Rh7+ Kg8 97. Re7 Kf8 98. Re6 Kf7 99. Rh6 Kg7 100. Rc6 Rb7 101. Rh6 Rb5 102. Rg6+ Kf7 103. Rf6+ Kg7 104. Rd6 Rb7 1/2-1/2

[Event "Polish University-ch Women 2024"]
[Site "Lublin"]
[Date "2024.02.24"]
[Round "7.1"]
[White "Sliwicka, Alicja"]
[Black "Antolak, Julia"]
[Result "1-0"]
[ECO "B80"]
[WhiteElo "2309"]
[BlackElo "2309"]
[Annotator "TA"]
[PlyCount "85"]
[EventDate "2024.02.22"]
[EventType "swiss"]
[EventCountry "POL"]
[SourceTitle "playchess.com"]
[Source "ChessBase"]
[SourceQuality "1"]
[TimeControl "600+3"]

1. e4 c5 2. Nf3 e6 3. d4 cxd4 4. Nxd4 Nf6 5. Nc3 d6 6. Nb3 {[%emt 0:00:01] B80: Sizilianisch (Scheveninger System).} a6 7. Bd3 b5 8. O-O Bb7 9. Qe2 Be7 10. f4 Nbd7 11. Bd2 Nc5 $146 ({Predecessor:} 11... O-O 12. Rae1 Nc5 13. a3 Rc8 14. Kh1 Nfd7 15. Nd4 Nb6 16. Qh5 Bf6 17. Nf3 g6 {1-0 Shanava,K (2498)-Uskov,A (2376) Baku White Rook Cup 2023 (8)}) 12. e5 Nd5 13. Ne4 Nxd3 14. Qxd3 O-O 15. Na5 Qb6+ (15... dxe5 $5 16. fxe5 Rb8 $14) 16. Kh1 {[%emt 0:00:01] exd6 wäre nun fies.} Rad8 (16... dxe5 $11 17. fxe5 Bc6) 17. Nxb7 $16 (17. exd6 {ist interessant.} Bxd6 18. Nxd6 Rxd6 19. Nxb7 Qxb7 20. Bb4) 17... Qxb7 18. Qf3 (18. Ba5 $16 Rd7 19. exd6 Bxd6 20. Nxd6 Rxd6 21. Bb4 Nxb4 (21... Nxf4 $2 22. Qg3 $18) 22. Qxd6 Nxc2 23. Rac1) 18... f5 19. exf6 Bxf6 20. c3 Qf7 21. Rae1 Nb6 22. Bc1 Rfe8 {[%emt 0:00:21] [#]} (22... Qd7 $14) 23. Qg3 (23. Nxf6+ $1 $16 gxf6 24. Qc6) 23... d5 $2 (23... Be7 $11) 24. Ng5 $2 ({Der einzige Zug:} 24. Nxf6+ $18 Qxf6 25. f5) 24... Bxg5 25. fxg5 Qg6 26. Qc7 Nc4 27. Qc6 (27. h4 $11) 27... Nd6 (27... e5 $15 28. Qc5 e4) 28. Qxa6 Qd3 29. Qa7 ({Günstiger ist} 29. Qb6 $16) 29... Rf8 ({Vorzuziehen ist} 29... Qc4 $14) 30. Rxf8+ Rxf8 31. Qe3 (31. Kg1 $1 $16 {[%cal Oa7e7] Zielt auf Qe7! ab.} Qc2 32. h4) 31... Rf1+ $11 32. Rxf1 Qxf1+ {[%emt 0:00:01][%mdl 4096] Endspiel. KQB-KQN} 33. Qg1 Qc4 34. a3 Ne4 35. Bf4 (35. Qe1 $11) 35... Qe2 $15 {[%emt 0:00:05] Weiss muss nun ...Nf2+ beachten.} 36. h3 Qxb2 $2 (36... e5 $1 $15 {behält die Oberhand.} 37. Bc1 Ng3+ 38. Kh2 Nf1+ 39. Kh1 Ng3+ 40. Kh2 Nf1+ 41. Kh1 Ng3+) 37. Qb6 $18 Qxc3 38. Qxe6+ ({Nicht} 38. Qxb5 Qa1+ 39. Kh2 Qxa3 $14) 38... Kf8 39. Qxd5 Qe1+ $2 (39... Qc4 40. Qd8+ Kf7) 40. Kh2 {[%emt 0:00:01] Qf5+ ist eine echte Drohung.} Qe2 41. Qf5+ Ke8 42. Qe6+ Kf8 43. Bd6+ (43. g6 $142 hxg6 44. Bd6+ (44. Qxg6 Nf6 $16) 44... Nxd6 45. Qxe2) 1-0

[Event "Polish University-ch Women 2024"]
[Site "Lublin"]
[Date "2024.02.24"]
[Round "7.2"]
[White "Cieslak, Wiktoria"]
[Black "Czarnecka, Lidia"]
[Result "0-1"]
[ECO "B48"]
[WhiteElo "1868"]
[BlackElo "2034"]
[Annotator "NA"]
[PlyCount "98"]
[EventDate "2024.02.22"]
[EventType "swiss"]
[EventCountry "POL"]
[SourceTitle "playchess.com"]
[Source "ChessBase"]
[SourceQuality "1"]
[TimeControl "600+3"]

1. e4 c5 2. Nf3 e6 3. d4 cxd4 4. Nxd4 Nc6 5. Nc3 Qc7 6. Be3 a6 7. Be2 Nf6 8. O-O Be7 9. Qd2 O-O 10. a3 d6 11. Kh1 Ne5 12. f4 Nc4 13. Bxc4 Qxc4 14. b3 Qc7 15. Qd3 b5 16. Nce2 Bb7 17. Ng3 Rac8 18. Rac1 d5 19. e5 Ne4 20. Nxe4 dxe4 21. Qe2 Bxa3 22. Ra1 Bb2 23. Ra2 Bc3 24. Qf2 Rfd8 25. Ne2 Rd7 26. Ng3 g6 27. Ne2 Bb4 28. h3 Bc5 29. Rc1 Bxe3 30. Qxe3 Qc5 31. Qxc5 Rxc5 32. c4 Rd3 33. Rb1 Kg7 34. Kg1 f6 35. exf6+ Kxf6 36. cxb5 Rxb5 37. b4 e5 38. fxe5+ Kxe5 39. Kf2 Rb6 40. Ra5+ Rd5 41. Ra3 Rdb5 42. Ra4 a5 43. bxa5 Rxb1 44. axb6 Rxb6 45. Ra5+ Kf6 46. Ke3 Rb3+ 47. Kf4 h6 48. h4 Rd3 49. g4 Rf3# 0-1

[Event "Polish University-ch Women 2024"]
[Site "Lublin"]
[Date "2024.02.24"]
[Round "7.3"]
[White "Kubicka, Anna"]
[Black "Shaban, Aliaksandra"]
[Result "1-0"]
[ECO "B03"]
[WhiteElo "2278"]
[BlackElo "1708"]
[Annotator "TA"]
[PlyCount "53"]
[EventDate "2024.02.22"]
[EventType "swiss"]
[EventCountry "POL"]
[SourceTitle "playchess.com"]
[Source "ChessBase"]
[SourceQuality "1"]
[TimeControl "600+3"]

1. e4 Nf6 2. e5 Nd5 3. c4 Nb6 4. d4 d6 5. exd6 cxd6 6. Nc3 g6 7. Be3 Bg7 8. Bd3 O-O 9. Nge2 Nc6 10. b3 f5 (10... d5 $11 {remains equal.}) 11. d5 $16 Ne5 12. Rc1 Nbd7 13. Bb1 Nf6 14. h3 Re8 15. O-O Nf7 16. Nd4 Bd7 17. Nce2 (17. Ne6 $16 Bxe6 18. dxe6) 17... Qc8 {[%emt 0:00:19] [#]} (17... e6 $14) 18. Nf4 $1 Nd8 19. Re1 {[%emt 0:00:13] White is much more active.} g5 $2 {[%emt 0:01:28] Black cannot hold the game after this.} (19... a6 $16 20. a4 e5) 20. Nfe6 Bxe6 $2 (20... Nxe6 21. dxe6 Bxe6 22. Bxg5 Bd7) 21. dxe6 f4 {[%emt 0:00:14] Black is weak on the light squares} 22. Bd2 Nc6 23. Nf5 {[%emt 0:00:25] [#] Hoping for h4.} Ne5 24. Nxg7 Kxg7 25. Bf5 {[%emt 0:00:05][%cal Oh3h4] h4! would now be deadly.} h6 $2 (25... Ng6 26. Bc3 Kh6 27. Bxf6 exf6 28. Qxd6 a5) 26. Bc3 $18 Nc6 $2 (26... b6 $18 27. b4 Qb8) 27. Qh5 {[%emt 0:00:30] Weighted Error Value: White=0.28 (precise) /Black=0.86.  Loses game:     	---       	Black=1      Mistake:       	White=1     	Black=5      Inaccurate:     	White=2     	Black=1      OK:         	White=8     	Black=4      Best:        	White=1     	Black=1} 1-0

[Event "Polish University-ch Women 2024"]
[Site "Lublin"]
[Date "2024.02.24"]
[Round "7.4"]
[White "Parol, Pola"]
[Black "Kucharska, Honorata"]
[Result "1/2-1/2"]
[ECO "C09"]
[WhiteElo "2030"]
[BlackElo "2137"]
[Annotator "RC"]
[PlyCount "99"]
[EventDate "2024.02.22"]
[EventType "swiss"]
[EventCountry "POL"]
[SourceTitle "playchess.com"]
[Source "ChessBase"]
[SourceQuality "1"]
[TimeControl "600+3"]

1. e4 e6 2. d4 d5 3. Nd2 c5 4. exd5 exd5 5. Bb5+ Nc6 6. Ngf3 Bd6 7. O-O Nge7 8. dxc5 Bxc5 9. Nb3 Bd6 10. h3 O-O 11. Bg5 Qc7 12. Re1 h6 13. Be3 Bf5 14. Nbd4 Bg6 15. c3 Rad8 16. Bd3 Bxd3 17. Qxd3 Qd7 18. Qd2 Ng6 19. Rad1 Bb8 20. Ne2 Nce5 21. Nxe5 Nxe5 22. Qd4 Nc4 23. Bc1 Qf5 24. Qd3 Qf6 25. Nd4 Rfe8 26. Qf5 Rxe1+ 27. Rxe1 Qxf5 28. Nxf5 Ne5 29. Rd1 Nc6 30. Be3 Be5 31. Nd4 Bxd4 32. Bxd4 f6 33. Kf1 Kf7 34. Bc5 a6 35. Bb6 Rd7 36. Bd4 g5 37. Bc5 h5 38. Ke2 Ne5 39. b3 g4 40. hxg4 hxg4 41. Bd4 Ng6 42. g3 Ne7 43. Kd3 Nf5 44. Rh1 Kg6 45. Rh8 Nd6 46. Rg8+ Kf5 47. Rf8 Ne4 48. Rh8 Kg6 49. Rg8+ Kf5 50. Rh8 1/2-1/2